 Seeded DCSS version 0.27.1-2-g3b301248ec (webtiles) character file.

Game seed: 14551798346683263451 (custom seed)

40 babuloseo the Slasher (level 3, 25/27 HPs)
             Began as a Human Gladiator on Sept 30, 2021.
             Quit the game on level 2 of the Dungeon.
             The game lasted 00:01:42 (1364 turns).

babuloseo the Slasher (Human Gladiator)             Turns: 1364, Time: 00:01:42

Health: 25/27      AC:  6    Str: 15    XL:     3   Next: 72%
Magic:  3/3        EV: 11    Int:  8    God:
Gold:   61         SH:  0    Dex: 14    Spells: 2/2 levels left

rFire    . . .     SeeInvis .   f - +2 dagger (venom)
rCold    . . .     Faith    .   (no shield)
rNeg     . . .     Spirit   .   h - +0 ring mail
rPois    .         Reflect  .   c - +0 helmet
rElec    .         Harm     .   (no cloak)
rCorr    .         Rampage  .   (no gloves)
Will     .....                  (no boots)
Stlth    +.........             (no amulet)
HPRegen  0.09/turn              (no ring)
MPRegen  0.08/turn              (no ring)

@: no status effects
A: no striking features
a: no special abilities


You were on level 2 of the Dungeon.
You visited 1 branch of the dungeon, and saw 2 of its levels.

You collected 61 gold pieces.

Inventory:

Hand Weapons
 a - a +0 long sword
 f - a +2 dagger of venom (weapon)
Missiles
 d - a throwing net (quivered)
 i - 8 javelins
Armour
 b - a +0 leather armour
 c - a +0 helmet (worn)
 h - a +0 ring mail (worn)
Scrolls
 e - a scroll of magic mapping {unknown}
 j - a scroll of torment {unknown}
 k - a scroll of enchant armour {unknown}
 l - a scroll of identify {unknown}
 m - a scroll of acquirement
Potions
 g - a potion of ambrosia {unknown}


   Skills:
 + Level 2.1 Fighting
 * Level 4.0 Long Blades
 + Level 2.1 Throwing
 + Level 0.6 Armour
 + Level 3.1 Dodging


You had 2 spell levels left.
You didn't know any spells.
Your spell library was empty.

Dungeon Overview and Level Annotations

Branches:
Dungeon (2/15)

Altars:
Qazlal

Annotations:
D:2 1 runed translucent door, Crazy Yiuf


Message History

You throw a throwing net. The throwing net hits the hobgoblin.
The hobgoblin is caught in the net!
The hobgoblin hits you but does no damage.
The hobgoblin struggles against the net.
The hobgoblin struggles against the net.
The hobgoblin misses you.
You hit the hobgoblin.
The hobgoblin is poisoned.
The hobgoblin is heavily wounded.
The hobgoblin hits you but does no damage.
You hit the hobgoblin.
You kill the hobgoblin!
You hit the hobgoblin.
The hobgoblin is poisoned.
The hobgoblin is heavily wounded.
You hit the hobgoblin.
You kill the hobgoblin!
You hit the hobgoblin.
The hobgoblin is poisoned.
The hobgoblin is severely wounded.
The hobgoblin misses you.
You hit the hobgoblin but do no damage.
The hobgoblin looks as sick as possible!
The hobgoblin is severely wounded.
The hobgoblin barely misses you.
Unknown command.
You hit the hobgoblin but do no damage.
The hobgoblin looks as sick as possible!
The hobgoblin is almost dead.
You kill the hobgoblin!
No target in view!
No target in view!
No target in view!
You see here a hobgoblin corpse.
No target in view!
No target in view!
d - a throwing net
There is an open door here.
You see here a hobgoblin corpse.
There is an open door here.
m - a scroll labelled LONUMM XATILEEJ This is a scroll of acquirement!
Are you sure you want to abandon this character and quit the game? (Confirm with "yes".)

###### #.. .....#
#.# ####.#####.####
..............# #
##.....###.##.#)#
##.#..##
#..†..##### ...#..#
#....##...##
......#
#.####.....#
......#
#†#..#.@...#
#######
#.†..'.....#
########.#..#..(..#
#
.........####..:.!#
(.
###.)...#.###...##
#.
#.......##.######.#
.....#.....#
#..†....#
#..###.....#
##.######
#.......#### #.#


There were no monsters in sight!

Vanquished Creatures
  An adder (D:2)
  A dart slug (D:1)
  2 bats
  2 endoplasms (D:1)
  A giant cockroach (D:1)
  3 goblins
  7 hobgoblins
  2 kobolds (D:1)
  A quokka (D:2)
  2 ball pythons (D:2)
  2 frilled lizards (D:1)
  2 rats (D:2)
26 creatures vanquished.

Notes
Turn   | Place    | Note
-------+----------+-------------------------------------------
     0 | D:1      | babuloseo the Human Gladiator began the quest for the Orb.
     0 | D:1      | Reached XP level 1. HP: 16/16 MP: 1/1
   137 | D:1      | Reached XP level 2. HP: 20/22 MP: 2/2
   983 | D:2      | Found a stormy altar of Qazlal.
   990 | D:2      | Reached XP level 3. HP: 17/27 MP: 3/3
  1207 | D:2      | Found a runed translucent door.
  1208 | D:2      | Noticed Crazy Yiuf
  1334 | D:2      | Reached skill level 4 in Long Blades
  1364 | D:2      | Identified a scroll of acquirement
  1364 | D:2      | Quit the game

Illustrated notes

Levels and vault maps discovered:
D:1:      lemuel_arrival_river_bridge, layout_rooms
D:2:      layout_loops_cross, basic_altar, serial_shops, shop,
          minmay_goblin_kobold_house, uniq_crazy_yiuf_cottage, uniq_robin

Skill      XL: |  1  2  3 |
---------------+----------+-----
Long Blades    | 4 |  4.0
Fighting       | |  2.1
Throwing       | |  2.1
Armour         | |  0.6
Dodging        | |  3.1

Action                   || total
-------------------------++-------
Melee: Long sword        ||    26
       Dagger            ||    49
Throw: Throwing net      ||     4
 Stab: Sleeping          ||     2
Armor: Leather armour    ||    14
       Ring mail         ||     4
Dodge: Dodged            ||    45
       Rpst.: Long sword ||     8
